 Dungeon Crawl Stone Soup version 0.31-a0-210-gccc998df9b (webtiles) character file.

Game seed: 9491046477611459592

138 qw the Chopper (level 5, -7/32 HPs)
             Began as a Gargoyle Fighter on June 30, 2023.
             Mangled by a small abomination (12 damage)
             ... on level 1 of the Abyss.
             The game lasted 00:00:56 (1734 turns).

qw the Chopper (Gargoyle Fighter)                   Turns: 1734, Time: 00:00:57

Health: -7/32      AC: 16    Str: 22    XL:     5   Next: 21%
Magic:  5/5        EV:  8    Int:  8    God:
Gold:   102        SH:  4    Dex:  9    Spells: 4/4 levels left

rFire   . . .        Y - +1 war axe
rCold   . . .        c - +0 buckler
rNeg    + . .        i - +0 chain mail
rPois   inf          (no helmet)
rElec   +            (no cloak)
rCorr   .            (no gloves)
SInv    .            k - +2 pair of boots {Stlth+}
Will    .....        (no amulet) Stlth
                     (no ring)
HPRegen 0.25/turn    (no ring)
MPRegen 0.09/turn

%: no passive effects
@: no status effects
A: sickness immunity, AC +4, negative energy resistance 1, electricity
resistance, torment resistance 1, petrification resistance
a: no special abilities


You were on level 1 of the Abyss.
You visited 1 branch of the dungeon, and saw 3 of its levels.
You visited the Abyss 1 time.

You collected 102 gold pieces.


Innate Abilities, Weirdness & Mutations

You are immune to sickness and miasma.
Your stone body is resilient. (AC +4)
You are immune to poison.
You resist negative energy. (rN+)
You are resistant to electric shocks. (rElec)
You are resistant to unholy torment.
You are immune to petrification.


   Skills:
 - Level 3.2 Fighting
 + Level 4.8 Axes
 - Level 3.2 Armour
 - Level 3.2 Shields


You had 4 spell levels left.
You didn't know any spells.
Your spell library was empty.

Inventory:

Hand Weapons
 l - a +0 whip
 Y - a +1 war axe (weapon)
Armour
 c - a +0 buckler (worn)
 i - a +0 chain mail (worn)
 k - a +2 pair of boots of stealth (worn)
Jewellery
 f - a +5 ring of evasion
 h - a ring of see invisible
Scrolls
 e - a scroll of identify
Potions
 a - a potion of mutation {unknown}
 b - a potion of lignification {unknown}
 d - a potion of might
 g - a potion of cancellation
 j - a potion of heal wounds {unknown}

Dungeon Overview and Level Annotations

Branches:
Dungeon (3/15)

Altars:


Message History

You kill the orc wizard!
The ball python closely misses you. The ball python grabs you.
The ball python constricts you.
You have reached level 5!
You closely miss the ball python. You block the ball python's attack.
The ball python constricts you. The ball python bites you.
The ball python constricts you.
You barely miss the ball python. The ball python barely misses you.
The ball python constricts you.
You barely miss the ball python.
The ball python bites you but does no damage.
The ball python constricts you.
The ball python bites you but does no damage.
The ball python constricts you.
You barely miss the ball python. You block the ball python's attack.
The ball python constricts you.
You closely miss the ball python. The ball python completely misses you.
The ball python constricts you. The ball python barely misses you.
The ball python constricts you.
You slash the ball python!
You kill the ball python!
You barely miss the orc. The orc hits you but does no damage.
You are cast into the Abyss!
This branch contains the abyssal rune of Zot.
Waypoint 3 assigned to Abyss:1.
You are suddenly pulled into a different region of the Abyss!
Waypoint 3 assigned to Abyss:1.
A small abomination comes into view.
1729 ||| Stepping ~*~*~tactically~*~*~ (stealth).
The small abomination hits you!
You closely miss the small abomination. The small abomination misses you.
The small abomination hits you!
You slash the small abomination!
The small abomination is heavily damaged.
The small abomination hits you.
You barely miss the small abomination.
The small abomination is heavily damaged.
The small abomination hits you!
You die...

. #. # . .#. ##. #
. # ####.### #.#
#... ##.##...#...#
#..###...#.#......
....##..@x..# ##
#.#.#..##....#
#...#.....## .....
#. #.#..# ....
##.##.## #..
#.....# . #....###
#.#.#..# ###.....#


You could see a small abomination.

Vanquished Creatures
  2 orc wizards (D:3)
  4 adders (D:2)
  2 dart slugs
  3 orcs
  4 ball pythons
  5 bats
  4 endoplasms
  2 giant cockroaches (D:3)
  2 goblins
  3 hobgoblins
  4 jackals (D:3)
  2 quokkas
  3 frilled lizards
  3 kobolds
  3 rats (D:2)
46 creatures vanquished.

Notes
Turn   | Place    | Note
-------+----------+-------------------------------------------
     0 | D:1      | qw the Gargoyle Fighter began the quest for the Orb.
     0 | D:1      | Reached XP level 1. HP: 14/14 MP: 1/1
     0 | D:1      | 0 ||| qw: Version: 0.3-a-24-ga2abf7b
     0 | D:1      | 0 ||| qw: Game counter: 7123
     0 | D:1      | 0 ||| qw: Melee chars always use a shield: true
     0 | D:1      | 0 ||| qw: God list: Okawaru
     0 | D:1      | 0 ||| qw: Allow faded altars: false
     0 | D:1      | 0 ||| qw: Do Orc after clearing Dungeon:15 true
     0 | D:1      | 0 ||| qw: Do second Lair branch before Depths: true
     0 | D:1      | 0 ||| qw: Lair rune preference: random
     0 | D:1      | 0 ||| qw: Goals: Normal, Zot:1-4, Slime:5, God:TSO, Crypt,
                  | Tomb, Abyss, Pan, Hells, Win
     0 | D:1      | 0 ||| PLANNING D:1-11
   109 | D:1      | Reached skill level 2 in Axes
   278 | D:1      | Reached XP level 2. HP: 19/19 MP: 2/2
   278 | D:1      | Found a faded altar of an unknown god.
   613 | D:1      | 613 ||| UPGRADING to +0 chain mail.
   623 | D:1      | 623 ||| DROPPING +0 scale mail.
   624 | D:1      | 624 ||| UPGRADING to +2 pair of boots of stealth.
   629 | D:1      | 629 ||| READING scroll labelled MYHUME YGADE.
   630 | D:1      | 630 ||| READING scroll labelled AHERANI SILO.
   631 | D:1      | 631 ||| READING scroll labelled NAMAVVUSCHI.
   632 | D:1      | 632 ||| READING scroll labelled PUERCH BOWNA.
   645 | D:1      | 645 ||| READING scroll labelled ZOSMAL AFEKE.
   646 | D:1      | 646 ||| DRINKING 2 brown potions.
   679 | D:2      | Reached skill level 3 in Axes
   679 | D:2      | Reached XP level 3. HP: 22/23 MP: 3/3
   822 | D:2      | 822 ||| FLEEEEING.
   885 | D:2      | 885 ||| Stepping ~*~*~tactically~*~*~ (hiding).
  1251 | D:2      | Reached XP level 4. HP: 28/28 MP: 4/4
  1259 | D:2      | You fall into a shaft and drop 1 floor!
  1274 | D:3      | Identified the +4 dagger of Accidental Termination {spect,
                  | rPois rC+ SInv}
  1278 | D:3      | 1278 ||| Stepping ~*~*~tactically~*~*~ (stealth).
  1282 | D:3      | 1282 ||| Stepping ~*~*~tactically~*~*~ (hiding).
  1285 | D:3      | Reached skill level 4 in Axes
  1293 | D:3      | 1293 ||| Stepping ~*~*~tactically~*~*~ (stealth).
  1315 | D:3      | 1315 ||| FLEEEEING.
  1316 | D:3      | 1316 ||| FLEEEEING.
  1317 | D:3      | 1317 ||| FLEEEEING.
  1318 | D:3      | 1318 ||| FLEEEEING.
  1320 | D:3      | 1320 ||| STAIRDANCE
  1444 | D:2      | 1444 ||| Stepping ~*~*~tactically~*~*~ (stealth).
  1518 | D:2      | 1518 ||| READING scroll labelled INLEUPIRRU.
  1672 | D:3      | 1672 ||| Stepping ~*~*~tactically~*~*~ (stealth).
  1674 | D:3      | 1674 ||| Stepping ~*~*~tactically~*~*~ (hiding).
  1691 | D:3      | Reached XP level 5. HP: 32/32 MP: 5/5
  1697 | Abyss:1  | Cast into level 1 of the Abyss (orc)
  1728 | Abyss:1  | Noticed a small abomination
  1729 | Abyss:1  | 1729 ||| Stepping ~*~*~tactically~*~*~ (stealth).
  1732 | Abyss:1  | HP: 7/32 [small abomination (15)]
  1734 | Abyss:1  | Mangled by a small abomination

Levels and vault maps discovered:
D:1:      matt_arrival_refuge, layout_loops_ring,
          nicolae_ecumenical_snake_handling
D:2:      layout_basic, chequers_decorated_corner
D:3:      layout_basic, minmay_misc_feat_hallway
Abyss:1:  base:
Temple

Skill      XL: |  1  2  3  4 |
---------------+-------------+-----
Axes           | 2 3 4 |  4.8
Fighting       | |  3.2
Armour         | |  3.2
Shields        | |  3.2

Action                     |  1- 3 |  4- 6 || total
---------------------------+-------+-------++-------
  Melee: War axe           |    64 |    63 ||   127
    Use: Scroll            |     5 |     1 ||     6
         Potion            |     1 |       ||     1
 Armour: Scale mail        |     6 |       ||     6
         Chain mail        |    23 |    29 ||    52
  Dodge: Dodged            |    26 |    16 ||    42
  Block: Buckler           |     9 |    15 ||    24

Table legend:
 A = Non-vault XP
 B = Vault XP
 C = Vault XP percentage of total XP
 D = Non-vault monster count
 E = Vault monster count
 F = Vault count percentage of total count
                 A         B        C        D         E       F
            +---------+---------+-------+---------+---------+-------
      Total |     195 |       3 |   1.5 |      44 |       2 |   4.3
            +---------+---------+-------+---------+---------+-------
        D:1 |      19 |       3 |  13.6 |       9 |       2 |  18.2
        D:2 |      77 |       0 |   0.0 |      17 |       0 |   0.0
        D:3 |      99 |       0 |   0.0 |      18 |       0 |   0.0
            +---------+---------+-------+---------+---------+-------
